AoeStats
← aldoe3765

Arena

509273016Analyzed
3v3 RM · 6d ago on Sep 26, 2026· 34m 3s· 6 players
Game mode
Random Map
Map size
Normal (6 player)
Population
200
Speed
Normal
Resources
Standard
Victory
Conquest
Starting age
Dark Age
Ending age
Imperial Age
RankedLock teamsTeams togetherTeam positionsShared explorationLock speedFull tech treeHidden civsTurbo modeCheats
Victory
Defeat
1175
+14
🇲🇽 Mongols · Mexico
1163
+14
🇲🇽 Vikings · Mexico
1100
+17
🇲🇽 Gurjaras · Mexico
1168
-17
🇲🇽 Italians · Mexico
1115
-15
🇦🇷 Celts · Argentina
1078
-13
HUSEINMACO
10:23 Feudal Age
15:14 Castle Age
13:23 Double-Bit Axe
14:30 Horse Collar
17:41 Bow Saw
18:31 Fletching
20:01 Heavy Plow
21:56 Bodkin Arrow
23:26 Wheelbarrow
28:48 Imperial Age
26:56 Padded Archer Armor
28:48 Leather Archer Armor
28:55 Ballistics
28:48 Masonry
30:41 Two-Man Saw
30:44 Crop Rotation
31:13 Bracer
BITCOIN_
10:21 Feudal Age
12:11 Loom
16:00 Castle Age
14:23 Double-Bit Axe
18:47 Pikeman
29:46 Wheelbarrow
aldoe3765
8:08 Loom
10:21 Feudal Age
10:50 Double-Bit Axe
10:49 Horse Collar
19:09 Castle Age
17:34 Gold Mining
18:28 Bloodlines
18:48 Scale Mail Armor
20:15 Wheelbarrow
19:26 Town Watch
El Hijo de Zalvakky Jr. Dark
12:27 Feudal Age
13:38 Double-Bit Axe
13:34 Horse Collar
16:02 Castle Age
16:29 Loom
16:58 Scale Mail Armor
17:23 Man-at-Arms
18:05 Long Swordsman
20:42 Chain Mail Armor
22:43 Forging
31:33 Fletching
Miztliel
8:47 Feudal Age
15:58 Castle Age
14:16 Loom
14:51 Man-at-Arms
15:33 Scale Mail Armor
16:04 Long Swordsman
16:38 Double-Bit Axe
19:25 Horse Collar
30:03 Town Watch
32:38 Forging
34:19 Bow Saw
iamjaairo3000
12:50 Feudal Age
16:44 Castle Age
14:54 Double-Bit Axe
15:43 Horse Collar
23:54 Ballistics
26:48 Bow Saw
28:52 Wheelbarrow
29:58 Padded Archer Armor
32:45 Hand Cart
33:40 Leather Archer Armor
33:15 Fletching
33:34 Husbandry
33:44 Bloodlines
Connection lost

Rejoining the realm…

Still unreachable

The connection could not be restored.

Session expired

The server has moved on; the page needs a fresh start.